Map: Deathaura LE

Players

Jyrian

  • Race: Protoss Protoss
  • League: Silver
  • Spawn Location: 5:00

SeerGamer - Winner!

  • Race: Zerg Zerg
  • Spawn Location: 11:00

VOD

Have the link to the VOD?

Description

del

Time

  • Played on: Nov. 5, 2020, 9:18 a.m.
  • Length: 8:37
Show
View Real Time Build Order
Export as new Build Order

Jyrian Protoss 

Build Orders:  

Get SALT Encoding   

  12  0:02  Probe  
  13  0:14  Probe  
  14  0:25  Pylon  
  14  0:39  Probe (Chrono Boost)  
  15  0:49  Probe (Chrono Boost)  
  16  0:52  Gateway  
  16  0:59  Probe (Chrono Boost)  
  17  1:11  Probe (Chrono Boost)  
  18  1:13  Assimilator  
  18  1:14  Pylon  
  18  1:19  Probe (Chrono Boost)  
  18  1:25  Probe  
  20  1:40  Assimilator  
  20  1:48  Cybernetics Core  
  20  1:51  Nexus  
  20  1:58  Zealot  
  22  2:04  Probe  
  23  2:16  Probe  
  23  2:20  Assimilator  
  24  2:25  Stalker (Chrono Boost)  
  24  2:28  Probe  
  27  2:40  Probe  
  28  2:45  Pylon  
  28  2:52  Stargate  
  28  2:57  Probe  
  29  3:09  Probe  
  30  3:15  Warp Gate  
  30  3:19  Probe  
  31  3:22  Probe  
  32  3:31  Probe  
  33  3:37  Stargate  
  33  3:43  Probe (Chrono Boost)  
  33  3:45  Probe (Chrono Boost)  
  33  3:46  Assimilator, Void Ray (Chrono Boost)  
  35  3:49  Pylon  
  35  3:54  Probe (Chrono Boost)  
  41  3:57  Probe (Chrono Boost)  
  41  3:59  Probe (Chrono Boost)  
  42  4:07  Stalker  
  44  4:18  Probe x2 (Chrono Boost)  
  44  4:23  Void Ray (Chrono Boost)  
  50  4:30  Probe (Chrono Boost)  
  52  4:34  Void Ray (Chrono Boost)  
  52  4:36  Probe (Chrono Boost)  
  52  4:40  Probe (Chrono Boost)  
  52  4:43  Probe (Chrono Boost)  
  58  4:48  Probe  
  58  4:50  Pylon  
  59  4:54  Probe  
  60  5:00  Probe  
  57  6:43  Zealot  
  57  6:50  Void Ray x2 (Chrono Boost)  
  61  7:19  Void Ray (Chrono Boost)  
  61  7:20  Void Ray (Chrono Boost)  
Show
View Real Time Build Order
Export as new Build Order

SeerGamer Zerg - Winner!

Build Orders: 3 Hatch before Pool 

Get SALT Encoding   

  12  0:01  Drone  
  13  0:13  Overlord  
  13  0:17  Drone  
  14  0:33  Drone  
  15  0:39  Drone  
  16  0:47  Drone  
  17  1:01  Hatchery  
  16  1:08  Drone  
  16  1:09  Drone  
  18  1:28  Drone  
  19  1:39  Hatchery  
  18  1:41  Spawning Pool  
  17  2:07  Extractor  
  16  2:09  Drone x2  
  16  2:11  Drone  
  19  2:28  Drone x2  
  19  2:29  Drone  
  22  2:30  Queen x2  
  26  2:45  Drone  
  26  2:46  Drone  
  28  2:54  Drone x2  
  30  3:00  Zergling x2  
  30  3:01  Zergling x4  
  30  3:04  Zergling x2  
  34  3:34  Lair  
  34  3:39  Overlord x3  
  34  3:41  Overlord  
  34  4:12  Hatchery  
  33  4:17  Roach Warren  
  32  4:33  Queen  
  32  4:35  Drone x3  
  37  4:42  Zergling x4  
  37  4:43  Zergling x6  
  42  4:45  Drone x2  
  42  4:46  Drone  
  42  4:48  Metabolic Boost  
  45  5:01  Hydralisk Den  
  44  5:13  Extractor  
  43  5:16  Drone x2  
  43  5:17  Drone  
  43  5:19  Drone x4  
  50  5:31  Hydralisk x2  
  50  5:35  Drone x2  
  53  6:01  Queen, Hydralisk  
  53  6:02  Hydralisk  
  58  6:21  Hydralisk  
  60  6:36  Queen  
  53  6:55  Hydralisk  
  53  6:56  Hydralisk x2  
  59  7:06  Hydralisk  
  61  7:13  Extractor  
  61  7:15  Extractor  
  59  7:27  Hydralisk  
  59  7:28  Hydralisk  
Tags
 
Add a new tag
Caveats
  • Supply blocks, unpowered buildings, or Contaminate may cause inaccurate times.
  • Supply counts are checked every 10 seconds.